 Dungeon Crawl Stone Soup version 0.30-a0-808-g6e0788376e (webtiles) character file.

Game seed: 11782166443126386666

268 demibob the Spear-Bearer (level 6, -1/41 (44) HPs)
             Began as a Merfolk Gladiator on Feb 26, 2023.
             Slain by a necrophage (6 damage)
             ... on level 4 of the Dungeon.
             The game lasted 00:03:57 (2775 turns).

demibob the Spear-Bearer (Merfolk Gladiator)        Turns: 2775, Time: 00:03:57

HP:   -1/41 (44)    AC:  5    Str: 14    XL:     6   Next: 21%
MP:   6/6           EV: 13    Int:  7    God:
Gold: 95            SH:  0    Dex: 18    Spells: 5/5 levels left

rFire   . . .      SeeInvis .    a - +0 trident
rCold   . . .      Faith    .    (no shield)
rNeg    . . .      Spirit   .    b - +0 leather armour
rPois   .          Reflect  .    c - +0 helmet
rElec   .          Harm     .    (no cloak)
rCorr   .          Rampage  .    (no gloves)
Will    .....                    g - +0 pair of boots
Stlth   +                        (no amulet)
HPRegen 0.26/turn                L - ring of flight
MPRegen 0.10/turn                (no ring)

@: flying, drained
A: (nimble swimmer 2), mertail
a: no special abilities


You were on level 4 of the Dungeon.
You visited 1 branch of the dungeon, and saw 4 of its levels.

You collected 95 gold pieces.


Innate Abilities, Weirdness & Mutations

((You are very nimble when in or above water. (Stealth+, EV+, Speed+++)))
Your lower body shifts to a powerful aquatic tail in water.


   Skills:
 - Level 2.1 Fighting
 + Level 8.9 Polearms
 - Level 2.0 Throwing
 - Level 4.0 Dodging


You had 5 spell levels left.
You didn't know any spells.
Your spell library was empty.

Inventory:

Hand Weapons
 a - a +0 trident (weapon)
Missiles
 d - 3 throwing nets (quivered) {=f}
 e - a javelin
Armour
 b - a +0 leather armour (worn)
 c - a +0 helmet (worn)
 g - a +0 pair of boots (worn)
Jewellery
 L - a ring of flight (left hand)
Scrolls
 f - 3 scrolls of identify {@r1}
 h - 3 scrolls of teleportation {@r2}
 i - a scroll of enchant weapon {unknown}
 k - a scroll of vulnerability

Dungeon Overview and Level Annotations

Branches:
Dungeon (4/15)
 Temple: D:4-7

Altars:
Hepliaklqana
Okawaru
Qazlal
Sif Muna
Yredelemnul

Annotations:
D:3 1 runed translucent door, Crazy Yiuf

##### #.....
#...######....
#<.........#
........#.####...#
#########.####...###.#
........)....#)......#
.########.#.†...######
#........n.#
#..#....@#.#
###..##.#..#J##
##.>.#.#.#.....# #...#
#............. ###..##
##.####..###..
.##.....###).# #....
.........#)..# #.####
#...)..)#### #.#
.........)# #.#


You could see a necrophage.


Message History

* * * LOW HITPOINT WARNING * * *
You feel drained.
You puncture the necrophage!
The necrophage is heavily damaged.
The necrophage closely misses you.
You hit the necrophage but do no damage.
The necrophage is heavily damaged.
The necrophage hits you.
* * * LOW HITPOINT WARNING * * *
You feel drained.
You hit the necrophage.
The necrophage is severely damaged.
The necrophage barely misses you.
The necrophage attacks as you move away!
The necrophage barely misses you.
There is a stone staircase leading up here.
You barely miss the necrophage.
The necrophage is severely damaged.
The necrophage hits you.
* * * LOW HITPOINT WARNING * * *
The necrophage hits you but does no damage.
The necrophage attacks as you move away!
The necrophage barely misses you.
The necrophage attacks as you move away!
The necrophage completely misses you.
The necrophage attacks as you move away!
The necrophage closely misses you.
There is a stone staircase leading up here.
The necrophage hits you.
You die...

Skill      XL: |  1  2  3  4  5 |
---------------+----------------+-----
Polearms       | 5 6 7 8 |  8.9
Fighting       | |  2.1
Throwing       | |  2.0
Dodging        | |  4.0

Action                     |  1- 3 |  4- 6 || total
---------------------------+-------+-------++-------
  Melee: Trident           |   137 |   146 ||   283
         Punch             |     1 |     1 ||     2
    Use: Scroll            |     3 |     6 ||     9
         Potion            |       |     2 ||     2
   Stab: Sleeping          |     1 |     3 ||     4
         Distracted        |     1 |       ||     1
 Armour: Leather armour    |    39 |    28 ||    67
  Dodge: Dodged            |    65 |    84 ||   149

Levels and vault maps discovered:
D:1:      co_arrival_square_in_a_square_in_a_square, layout_rooms,
          shapermc_ecumenical_altar_pompeii
D:2:      layout_rooms, minmay_misc_feat_rows
D:3:      layout_basic, mainiacjoe_overflow_chevrons,
          nicolae_qazlal_style_of_elements, grunt_temple_overflow_open,
          chequers_serial_rivers_micro_c, uniq_crazy_yiuf_cottage
D:4:      layout_loops_ring

Notes
Turn   | Place    | Note
-------+----------+-------------------------------------------
     0 | D:1      | demibob the Merfolk Gladiator began the quest for the Orb.
     0 | D:1      | Reached XP level 1. HP: 16/16 MP: 1/1
    70 | D:1      | Reached XP level 2. HP: 22/22 MP: 2/2
   106 | D:1      | Reached skill level 5 in Polearms
   195 | D:1      | Reached XP level 3. HP: 27/27 MP: 3/3
   300 | D:1      | Found a faded altar of an unknown god.
   743 | D:2      | Reached skill level 6 in Polearms
   899 | D:2      | Reached XP level 4. HP: 30/33 MP: 4/4
  1288 | D:3      | Found an iron altar of Okawaru.
  1421 | D:3      | Found a stormy altar of Qazlal.
  1423 | D:3      | Noticed a water elemental
  1423 | D:3      | Noticed a fire elemental
  1425 | D:3      | Noticed an air elemental
  1425 | D:3      | Noticed an earth elemental
  1456 | D:3      | Reached skill level 7 in Polearms
  1467 | D:3      | Reached XP level 5. HP: 15/38 MP: 5/5
  1733 | D:3      | Found a shimmering blue altar of Sif Muna.
  1743 | D:3      | Found a basalt altar of Yredelemnul.
  1745 | D:3      | Found a hazy altar of Hepliaklqana.
  1795 | D:3      | Found a runed translucent door.
  1796 | D:3      | Noticed Crazy Yiuf
  2042 | D:3      | Reached skill level 8 in Polearms
  2637 | D:4      | Reached XP level 6. HP: 27/44 MP: 6/6
  2702 | D:4      | Identified the +8 rapier of Excruciating Pain {vamp, rN+
                  | rCorr Int-2}
  2758 | D:4      | HP: 2/42 [necrophage (5)]
  2768 | D:4      | HP: 3/41 [necrophage (2)]
  2775 | D:4      | Slain by a necrophage

Vanquished Creatures
  An orc priest (D:4)
  4 orc wizards
  4 adders
  2 worms
  4 dart slugs
  11 orcs
  6 endoplasms
  2 giant cockroaches
  6 goblins
  6 hobgoblins
  4 jackals (D:3)
  2 quokkas
  11 ball pythons
  8 bats
  3 frilled lizards
  6 kobolds
  6 rats
86 creatures vanquished.

Table legend: (Time is in decaauts)
 A = Elapsed time spent in this place.
 B = Non-inter-level travel time spent in this place.
 C = Inter-level travel time spent in this place.
 D = Time resting spent in this place.
 E = Time spent auto-exploring this place.
 F = Levels seen in this place.
 G = Mean time per level.
                   A        B        C        D        E       F      G
               +--------+--------+--------+--------+--------+-----+--------+
         Total |   2763 |   2564 |    199 |    387 |   1608 |   4 |  690.8 |
       Dungeon |   2763 |   2564 |    199 |    387 |   1608 |   4 |  690.8 |
               +--------+--------+--------+--------+--------+-----+--------+

Top non-repeatable levels by time:
     D:3: 1321 daAuts
     D:2: 703 daAuts
     D:1: 571 daAuts
     D:4: 166 daAuts

Table legend:
 A = Non-vault XP
 B = Vault XP
 C = Vault XP percentage of total XP
 D = Non-vault monster count
 E = Vault monster count
 F = Vault count percentage of total count
                 A         B        C        D         E       F
            +---------+---------+-------+---------+---------+-------
      Total |     384 |       0 |   0.0 |      86 |       0 |   0.0
            +---------+---------+-------+---------+---------+-------
        D:1 |      47 |       0 |   0.0 |      28 |       0 |   0.0
        D:2 |      44 |       0 |   0.0 |      18 |       0 |   0.0
        D:3 |     156 |       0 |   0.0 |      30 |       0 |   0.0
        D:4 |     137 |       0 |   0.0 |      10 |       0 |   0.0
            +---------+---------+-------+---------+---------+-------
